 Dungeon Crawl Stone Soup version 0.24.0-13-gcf9b319 (webtiles) character file.

Game seed: 4375277415040324508, levelgen mode: deterministic

877 Fang the Skirmisher (level 8, 0/51 HPs)
             Began as a Gargoyle Berserker on Nov 11, 2019.
             Was a Priest of Trog.
             Slain by a hippogriff (3 damage)
             ... on level 5 of the Dungeon.
             The game lasted 00:03:31 (3650 turns).

Fang the Skirmisher (Gargoyle Berserker)            Turns: 3650, Time: 00:03:31

Health: 0/51       AC: 15    Str: 23    XL:     8   Next: 4%
Magic:  8/8        EV:  9    Int:  8    God:    Trog [***...]
Gold:   157        SH:  0    Dex:  9    Spells: 7/7 levels left

rFire    . . .     SeeInvis .   a - +0 hand axe
rCold    . . .     Gourm    .   (no shield)
rNeg     + . .     Faith    .   b - +0 chain mail
rPois    ∞         Spirit   .   (no helmet)
rElec    +         Reflect  .   (no cloak)
rCorr    .         Harm     .   (no gloves)
MR       .....                  (no boots)
Stlth    ..........             f - amulet of magic regeneration
HPRegen  0.17/turn              (no ring)
MPRegen  0.36/turn              (no ring)

@: berserk cooldown, starving, slowed, very slow
A: negative energy resistance 1, electricity resistance, unbreathing,
petrification resistance, rot immunity, AC +5
a: Berserk, Trog's Hand, Renounce Religion


You were on level 5 of the Dungeon.
You worshipped Trog.
Trog was most pleased with you.
You were starving.

You visited 1 branch of the dungeon, and saw 5 of its levels.

You collected 157 gold pieces.

Inventory:

Hand Weapons
 a - a +0 hand axe (weapon)
Armour
 b - a +0 chain mail (worn)
Jewellery
 f - an amulet of magic regeneration (around neck)
Wands
 w - a wand of acid (9)
Scrolls
 d - 3 scrolls of remove curse {unknown}
 e - 3 scrolls of enchant weapon {unknown}
 h - 6 scrolls of identify {unknown}
 k - 4 scrolls of teleportation {unknown}
 m - a scroll of enchant armour {unknown}
 n - 2 scrolls of fog {unknown}
 q - a scroll of fear {unknown}
 t - 2 scrolls of blinking {unknown}
 v - a scroll of amnesia {unknown}
Potions
 g - 2 potions of flight {unknown}
 i - 2 potions of agility {unknown}
 j - a potion of invisibility {unknown}
 l - a potion of brilliance {unknown}
 o - 3 potions of curing {unknown}
 p - 2 potions of might {unknown}
 r - 2 potions of haste {unknown}
 s - a potion of resistance {unknown}
 x - a potion of mutation {unknown}
Comestibles
 c - 9 rations


   Skills:
 + Level 5.8 Fighting
 + Level 4.8 Axes
 + Level 5.2 Armour
 + Level 3.9 Dodging


You had 7 spell levels left.
You didn't know any spells.
Your spell library was empty.

Dungeon Overview and Level Annotations

Branches:
Dungeon (5/15)
 Temple: D:4-7

Altars:
Ashenzari
Makhleb
Nemelex Xobeh
Sif Muna

Shops:
D:4 ?


Innate Abilities, Weirdness & Mutations

You are resistant to torment.
Your stone body is resilient. (AC +5)
You are immune to poison.
You resist negative energy. (rN+)
You are resistant to electric shocks. (rElec)
You can survive without breathing.
You are immune to petrification.
You are immune to rotting.


Message History

Your chain mail prevents you from hitting the orc wizard.
You hit the orc priest.
The orc wizard points at you and mumbles some strange words.
The puff of flame hits you but does no damage.
The orc priest mumbles some strange prayers to Beogh against you.
Beogh smites you!
* * * LOW HITPOINT WARNING * * *
The hippogriff bites you.
* * * LOW HITPOINT WARNING * * *
The hippogriff pecks you.
* * * LOW HITPOINT WARNING * * *
The hippogriff claws you but does no damage.
The orc wizard hits you but does no damage.
The orc priest hits you but does no damage.
You hit the hippogriff.
The hippogriff is lightly wounded.
You hit the orc priest but do no damage.
You closely miss the orc wizard. The hippogriff barely misses you.
The hippogriff pecks you.
You die...

######
#.....#
#.....###
#........
#.......#
###.....#..
##@H...##...
##.oo).......
#...)........
#...)........
#.....=......
#......<.....
#............
#............
##...........


You could see a hippogriff, an orc priest and an orc wizard.

Vanquished Creatures
  A water moccasin (D:4)
  A sky beast (D:4)
  An ogre (D:2)
  A scorpion (D:4)
  A crimson imp (D:4)
  A hound (D:4)
  4 orc wizards
  An orc priest (D:3)
  2 centaur skeletons (D:4)
  Natasha (thrice) (D:3)
  A worker ant (D:2)
  9 adders
  An ooze (D:3)
  3 worms
  6 dart slugs
  4 leopard geckos
  6 orcs
  3 ball pythons
  11 bats
  2 giant cockroaches
  5 goblins
  13 hobgoblins
  2 jackals (D:3)
  2 quokkas (D:3)
  2 frilled lizards
  8 kobolds
  A quokka skeleton (D:4)
  A quokka zombie (D:4)
  8 rats
104 creatures vanquished.

Notes
Turn   | Place    | Note
-------+----------+-------------------------------------------
     0 | D:1      | Fang the Gargoyle Berserker began the quest for the Orb.
     0 | D:1      | Reached XP level 1. HP: 14/14 MP: 1/1
   108 | D:1      | Reached XP level 2. HP: 11/19 MP: 2/2
   446 | D:1      | Reached XP level 3. HP: 21/23 MP: 3/3
   718 | D:2      | Reached XP level 4. HP: 28/29 MP: 4/4
   790 | D:2      | Reached ** piety under Trog
   863 | D:2      | Noticed an ogre
   874 | D:2      | Killed an ogre
   874 | D:2      | Reached XP level 5. HP: 22/33 MP: 5/5
  1392 | D:3      | Noticed Natasha
  1400 | D:3      | Killed Natasha
  1415 | D:3      | Reached XP level 6. HP: 31/39 MP: 6/6
  1487 | D:3      | Found a sparkling altar of Nemelex Xobeh.
  1699 | D:3      | Reached *** piety under Trog
  1931 | D:3      | Noticed Natasha
  1942 | D:3      | Killed Natasha
  1953 | D:3      | Found a shattered altar of Ashenzari.
  2324 | D:3      | Noticed Natasha
  2335 | D:3      | Killed Natasha
  2351 | D:4      | Noticed a sky beast
  2362 | D:4      | Reached skill level 5 in Fighting
  2366 | D:4      | Killed a sky beast
  2366 | D:4      | Reached XP level 7. HP: 20/44 MP: 7/7
  2922 | D:4      | Found a shimmering blue altar of Sif Muna.
  2946 | D:4      | Reached skill level 5 in Armour
  3245 | D:4      | Found Ebergh's Magic Scroll Boutique.
  3406 | D:4      | Found a burning altar of Makhleb.
  3452 | D:4      | Reached XP level 8. HP: 50/51 MP: 8/8
  3630 | D:5      | Entered Level 5 of the Dungeon
  3642 | D:5      | Noticed a hippogriff
  3650 | D:5      | Slain by a hippogriff

Levels and vault maps discovered:
D:1:      dpeg_arrival_rooms_c, layout_loops_ring
D:2:      layout_rooms
D:3:      layout_loops_corners, nemelex_xobeh_ov_fountains_minmay, first_ration,
          cheibrodos_ashenzari_chains, uniq_natasha
D:4:      minmay_chambers_of_fours, layout_loops_ring, makhleb_grotto_becter,
          serial_shops, nicolae_shop_crystal, grunt_decor_cap, minivault_4,
          led_sif_book
D:5:      layout_rooms, nicolae_overflow_hidden_temple, uniq_blork_the_orc

Skill      XL: |  1  2  3  4  5  6  7 |
---------------+----------------------+-----
Axes           | 3 4 |  4.8
Dodging        | 2 3 |  3.9
Armour         | 3 4 5 |  5.2
Fighting       | 4 5 |  5.8

Action                   |  1- 3 |  4- 6 |  7- 9 || total
-------------------------+-------+-------+-------++-------
Melee: Hand axe          |    92 |   202 |   190 ||   484
Invok: Berserk           |       |     3 |     1 ||     4
  Eat: Chunk             |       |     6 |     2 ||     8
       Ration            |       |       |     1 ||     1
Armor: Animal skin       |    29 |       |       ||    29
       Chain mail        |     8 |   124 |   135 ||   267
Dodge: Dodged            |    59 |   101 |    83 ||   243
